 Dungeon Crawl Stone Soup version 0.27-a0-1312-g5cdb2b3542 (webtiles) character file.

Game seed: 791711842679835010

38 porpoise the Chopper (level 3, -1/34 HPs)
             Began as a Minotaur Berserker on June 21, 2021.
             Was a Follower of Trog.
             Slain by a gnoll (2 damage)
             ... on level 2 of the Dungeon.
             The game lasted 00:02:33 (763 turns).

porpoise the Chopper (Minotaur Berserker)            Turns: 763, Time: 00:02:34

Health: -1/34      AC:  5    Str: 27    XL:     3   Next: 25%
Magic:  2/2        EV: 11    Int:  4    God:    Trog [*.....]
Gold:   34         SH:  0    Dex: 10    Spells: 2/2 levels left

rFire    . . .     SeeInvis .   a - +0 hand axe
rCold    . . .     Faith    .   (no shield)
rNeg     . . .     Spirit   .   m - +0 ring mail
rPois    .         Reflect  .   (helmet restricted)
rElec    .         Harm     .   (no cloak)
rCorr    .         Rampage  .   (no gloves)
Will     +....                  (no boots)
Stlth    ..........             (no amulet)
HPRegen  0.11/turn              e - +6 ring of strength
MPRegen  0.08/turn              b - ring of willpower

@: no status effects
A: horns 2, retaliatory headbutt
a: Renounce Religion, Berserk


You were on level 2 of the Dungeon.
You worshipped Trog.
Trog was aware of your devotion.
You visited 1 branch of the dungeon, and saw 2 of its levels.

You collected 34 gold pieces.

Inventory:

Hand Weapons
 a - a +0 hand axe (weapon)
Missiles
 f - 21 stones
 j - 2 throwing nets
Armour
 m - a +0 ring mail (worn)
Jewellery
 b - a ring of willpower (right hand)
 e - a +6 ring of strength (left hand)
Scrolls
 l - a scroll of acquirement {unknown}
Potions
 c - a potion of curing {unknown}
 d - 2 potions of brilliance {unknown}
 g - a potion of haste {unknown}
 h - a potion of degeneration {unknown}
 i - 2 potions of heal wounds {unknown}
 k - a potion of might {unknown}


   Skills:
 + Level 4.5 Fighting
 + Level 4.5 Axes
 - Level 2.4 Armour
 - Level 2.1 Dodging


You had 2 spell levels left.
You didn't know any spells.
Your spell library was empty.

Dungeon Overview and Level Annotations

Branches:
Dungeon (2/15)

Altars:


Innate Abilities, Weirdness & Mutations

You have a pair of horns on your head.
You reflexively headbutt those who attack you in melee.


Message History

You climb downwards.
A gnoll comes into view. It is wielding a +0 spear.
The gnoll shouts!
You hear a shout!
There is a stone staircase leading up here.
A gnoll comes into view. It is wielding a +0 spear.
A gnoll comes into view. It is wielding a +0 spear.
The gnoll shouts!
A gnoll comes into view. It is wielding a +0 spear.
The gnoll throws a throwing net.
The throwing net hits you.
You become entangled in the net!
You tear a large gash into the net.
The gnoll shouts!
You struggle against the net.
You struggle against the net.
You struggle against the net.
You rip the net and break free!
The gnoll barely misses you.
The gnoll hits you from afar with a +0 spear.
The gnoll hits you with a +0 spear!
The gnoll hits you from afar with a +0 spear. x2
The gnoll hits you with a +0 spear.
You barely miss the gnoll. You hit the gnoll but do no damage.
The gnoll hits you but does no damage. The gnoll barely misses you.
The gnoll hits you from afar with a +0 spear.
The gnoll closely misses you.
You barely miss the gnoll. You headbutt the gnoll!
You kill the gnoll!
Trog accepts your kill.
You hit the gnoll but do no damage.
The gnoll hits you from afar with a +0 spear.
* * * LOW HITPOINT WARNING * * *
The gnoll hits you from afar with a +0 spear.
* * * LOW HITPOINT WARNING * * *
The gnoll hits you with a +0 spear.
* * * LOW HITPOINT WARNING * * *
An endoplasm comes into view.
The endoplasm quivers.
The gnoll hits you with a +0 spear.
* * * LOW HITPOINT WARNING * * *
The gnoll hits you with a +0 spear.
You die...

######### ##
#........ ..
#........ #.
#........ #.
#........ #.
#........
#.##........
#.<.@g......
#...##.gg.....J
##. ####.##...
# .# . #


You could see 3 gnolls and an endoplasm.

Vanquished Creatures
  A gnoll (D:2)
  A dart slug (D:1)
  A ball python (D:1)
  2 endoplasms (D:1)
  2 giant cockroaches (D:1)
  A goblin (D:1)
  3 hobgoblins (D:1)
  4 jackals (D:1)
  3 kobolds (D:1)
  2 bats (D:1)
  A frilled lizard (D:1)
  2 rats (D:1)
23 creatures vanquished.

Notes
Turn   | Place    | Note
-------+----------+-------------------------------------------
     0 | D:1      | porpoise the Minotaur Berserker began the quest for the
                  | Orb.
     0 | D:1      | Reached XP level 1. HP: 19/19 MP: 0/0
   100 | D:1      | Reached XP level 2. HP: 26/27 MP: 1/1
   668 | D:1      | Reached XP level 3. HP: 33/34 MP: 2/2
   763 | D:2      | HP: 1/34 [gnoll (2)]
   763 | D:2      | Slain by a gnoll

Illustrated notes

Levels and vault maps discovered:
D:1:      scummos_arrival_gate, layout_basic, minmay_distorted
D:2:      layout_rooms, serial_shops, shop,
          hellmonk_ecumenical_altar_heavens_door, minmay_heptomino_w4

Skill      XL: |  1 |
---------------+----+-----
Fighting       | 4 |  4.5
Axes           | 4 |  4.5
Armour         | |  2.4
Dodging        | |  2.1

Action                   || total
-------------------------++-------
Melee: Hand axe          ||    49
       Headbutt          ||     8
Armor: Animal skin       ||     7
       Ring mail         ||     4
Dodge: Dodged            ||    29

Table legend: (Time is in decaauts)
 A = Elapsed time spent in this place.
 B = Non-inter-level travel time spent in this place.
 C = Inter-level travel time spent in this place.
 D = Time resting spent in this place.
 E = Time spent auto-exploring this place.
 F = Levels seen in this place.
 G = Mean time per level.
                   A        B        C        D        E       F      G
               +--------+--------+--------+--------+--------+-----+--------+
         Total |    766 |    728 |     38 |    185 |    363 |   2 |  383.0 |
       Dungeon |    766 |    728 |     38 |    185 |    363 |   2 |  383.0 |
               +--------+--------+--------+--------+--------+-----+--------+

Top non-repeatable levels by time:
     D:1: 753 daAuts
     D:2: 12 daAuts
